AoeStats
← Proverbial Monkey

Arabia

509016895Analyzed
1v1 RM · 8d ago on Sep 25, 2026· 44m 27s· 2 players
Game mode
Random Map
Map size
Tiny (2 player)
Population
200
Speed
Normal
Resources
Standard
Victory
Conquest
Starting age
Dark Age
Ending age
Imperial Age
RankedLock teamsTeams togetherTeam positionsShared explorationLock speedFull tech treeHidden civsTurbo modeCheats
Victory
Defeat
🇨🇱 Ethiopians · Chile
1130
+16
🇲🇽 Persians · Mexico
1127
-16
Proverbial Monkey
7:52 Loom
9:37 Feudal Age
10:57 Man-at-Arms
14:51 Padded Archer Armor
15:44 Fletching
18:54 Horse Collar
21:36 Scale Barding Armor
21:45 Bloodlines
25:40 Castle Age
25:33 Forging
26:38 Thumb Ring
27:08 Parthian Tactics
26:38 Gold Mining
27:57 Double-Bit Axe
28:35 Heavy Plow
29:21 Husbandry
31:18 Wheelbarrow
31:44 Bodkin Arrow
32:36 Hand Cart
32:13 Elite Skirmisher
33:56 Town Watch
37:48 Imperial Age
Buda-Cox
0:27 Loom
10:13 Feudal Age
15:05 Fletching
23:41 Castle Age
22:21 Padded Archer Armor
23:44 Forging
23:27 Gold Mining
23:44 Double-Bit Axe
23:46 Elite Skirmisher
24:18 Crossbowman
27:25 Bodkin Arrow
29:43 Ballistics
31:54 Leather Archer Armor
41:41 Imperial Age
40:02 Bow Saw
42:17 Scale Barding Armor
42:51 Light Cavalry
43:43 Arbalester
Connection lost

Rejoining the realm…

Still unreachable

The connection could not be restored.

Session expired

The server has moved on; the page needs a fresh start.